 Dungeon Crawl Stone Soup version 0.17.1-2-g5865329 (webtiles) character file.

100 pipel the Sneak (level 5, -8/38 HPs)
             Began as a Formicid Assassin on Feb 4, 2016.
             Was an Initiate of Okawaru.
             Mangled by Erolcha
             ... wielding a +7 giant club
              (22 damage)
             ... on level 9 of the Dungeon.
             The game lasted 00:03:08 (195 turns).

pipel the Sneak (Formicid Assassin)                  Turns: 195, Time: 00:03:09

Health: -8/38      AC:  3    Str: 15    XL:     5   Next: 3%
Magic:  1/1        EV: 12    Int: 11    God:    Okawaru [......]
Gold:   21         SH:  0    Dex: 18    Spells: 0 memorised, 4 levels left

rFire  . . .     SeeInvis +     i - +1 hand axe of Descent {antimagic, *Confuse rElec rPois Dex+5} (curse)
rCold  . . .     Clarity  .     c - +0 robe
rNeg   . . .     SustAt   +     (no shield)
rPois  +         Gourm    .     (helmet unavailable)
rElec  +         Spirit   .     d - +0 cloak
rCorr  .         Warding  .     (no gloves)
rMut   .         Stasis   +     (no boots)
MR     .....                    (no amulet)
Stlth  ++++......               (no ring)
                                h - ring of sustain attributes

@: not resistant to hostile enchantments, stealthy
A: permanent stasis, dig shafts and tunnels, four strong arms, antennae 3
a: Dig, Shaft Self, Renounce Religion


You were on level 9 of the Dungeon.
You worshipped Okawaru.
Okawaru was noncommittal.
You were not hungry.

You visited 1 branch of the dungeon, and saw 7 of its levels.

You collected 21 gold pieces.

Inventory:

Hand Weapons
 a - a +2 dagger
 b - a +0 blowgun
 i - the cursed +1 hand axe of Descent (weapon) {antimagic, *Confuse rElec rPois Dex+5}
   (You found it on level 9 of the Dungeon)

   It disrupts the flow of magical energy around spellcasters and certain
   magical creatures (including the wielder).
   It affects your dexterity (+5).
   It insulates you from electricity.
   It protects you from poison.
   It may confuse you when you take damage.
   It has a curse placed upon it.
 j - a +0 spear of venom
Missiles
 e - 7 poisoned needles
 f - 2 curare-tipped needles
Armour
 c - a +0 robe (worn)
 d - a +0 cloak (worn)
Jewellery
 h - a ring of sustain attributes (left hand)
Comestibles
 g - 2 bread rations


   Skills:
 - Level 2.1 Fighting
 - Level 2.0 Short Blades
 - Level 1.5 Throwing
 - Level 0.8 Dodging
 + Level 7.5 Stealth


You had 4 spell levels left.
You didn't know any spells.

Dungeon Overview and Level Annotations

Branches:
Dungeon (9/15)
 Temple: D:4-7         Lair: D:8-11         Orc: D:9-12

Altars:
Okawaru
Trog

Annotations:
D:9 Erolcha


Innate Abilities, Weirdness & Mutations

You are under a permanent stasis effect.
You can dig through walls and to a lower floor.
Your four strong arms can wield two-handed weapons with a shield.
You have a pair of large antennae on your head (SInv).


Message History

You slash the orc!
You kill the orc!
Okawaru accepts your kill.
You hit the orc wizard but do no damage.
The orc wizard is lightly wounded.
You closely miss the orc.
The orc is moderately wounded.
The orc wizard misses you. The orc hits you with a hand axe!
Erolcha tries to grin evilly.
The orc wizard closely misses you.
Unknown command.
You barely miss Erolcha.
You hit the orc wizard but do no damage.
The orc wizard is lightly wounded.
You hit the orc.
The orc is moderately wounded.
The orc hits you with a hand axe.
Erolcha hits you with an enchanted giant club!!
Ouch! That really hurt!
You die...

#. #. #.## ####..#
##.....## ##..
#...##
##...###...##
#..........o###.##
..#.).).#@O......
#.._..##o..#...
#.....# ..##
#...........##
##...###...#.#
#... ...##. #.#.
..## .. #.## ## ##
..


You could see Erolcha, an orc wizard and an orc.

Vanquished Creatures
  A scorpion (D:4)
  An iguana (D:4)
  An adder (D:4)
  A worm (D:4)
  4 orcs
8 creatures vanquished.

Notes
Turn   | Place    | Note
--------------------------------------------------------------
     0 | D:1      | pipel the Formicid Assassin began the quest for the Orb.
     0 | D:1      | Reached XP level 1. HP: 16/16 MP: 1/1
     4 | D:1      | You fall through a shaft!
    15 | D:2      | You fall through a shaft!
    30 | D:3      | You fall through a shaft!
    30 | D:4      | Noticed an iguana
    36 | D:4      | Reached skill level 5 in Stealth
    47 | D:4      | Noticed a scorpion
    56 | D:4      | Found a bloodstained altar of Trog.
    56 | D:4      | Killed an iguana
    56 | D:4      | Reached skill level 6 in Stealth
    56 | D:4      | Reached XP level 2. HP: 22/22 MP: 2/2
    56 | D:4      | Reached XP level 3. HP: 27/27 MP: 3/3
    63 | D:4      | Killed a scorpion
    63 | D:4      | Reached skill level 7 in Stealth
    63 | D:4      | Reached XP level 4. HP: 28/33 MP: 4/4
   167 | D:5      | Entered Level 5 of the Dungeon
   171 | D:5      | You fall through a shaft for 3 floors!
   174 | D:8      | You fall through a shaft!
   174 | D:9      | Found an iron altar of Okawaru.
   176 | D:9      | Got a steaming hand axe
   177 | D:9      | Identified the cursed +1 hand axe of Descent {antimagic, *Confuse rElec rPois Dex+5} (You found it on level 9 of the Dungeon)
   182 | D:9      | Became a worshipper of Warmaster Okawaru
   189 | D:9      | Noticed Erolcha
   190 | D:9      | Reached XP level 5. HP: 28/38 MP: 1/5
   195 | D:9      | Mangled by Erolcha

Action                   |  1- 3 |  4- 6 || total
-------------------------+-------+-------++-------
Melee: Hand axe          |       |     9 ||     9
 Fire: Blowgun           |     8 |     7 ||    15
 Abil: Shaft Self        |     2 |     2 ||     4
 Stab: Sleeping          |     2 |     1 ||     3
